 Dungeon Crawl Stone Soup version 0.31-a0-841-g038b102fc3 (webtiles) character file.

Game seed: 2970635998319875685

108 javelincjr the Sneak (level 4, -2/27 HPs)
             Began as an Octopode Hedge Wizard on Sept 27, 2023.
             Was a Follower of Dithmenos.
             Slain by a gnoll
             ... wielding a +0 halberd
              (10 damage)
             ... on level 3 of the Dungeon.
             The game lasted 00:05:11 (2041 turns).

javelincjr the Sneak (Octopode Hedge Wizard)        Turns: 2041, Time: 00:05:12

Health: -2/27      AC:  1    Str:  9    XL:     4   Next: 87%
Magic:  7/9        EV: 13    Int: 18    God:    Dithmenos [*.....]
Gold:   106        SH:  0    Dex: 11    Spells: 4/9 levels left

rFire   . . .        i - +1 hand axe (elec)
rCold   + . .        (no shield)
rNeg    . . .        b - +0 hat
rPois   .            (no amulet)
rElec   .            d - ring of protection from cold
rCorr   .            (no ring)
SInv    .            (no ring)
Will    .....        (no ring)
Stlth   ++++         (no ring)
HPRegen 0.24/turn    (no ring)
MPRegen 0.11/turn    (no ring)
                     (no ring)

%: no passive effects
@: wreathed by umbra
A: almost no armour, amphibious, 8 rings, camouflage 1, gelatinous body 1,
(nimble swimmer 1), tentacles
a: Renounce Religion


You were on level 3 of the Dungeon.
You worshipped Dithmenos.
Dithmenos was aware of your devotion.
You visited 1 branch of the dungeon, and saw 3 of its levels.

You collected 106 gold pieces.

Inventory:

Hand Weapons
 a - a +0 dagger
 i - a +1 hand axe of electrocution (weapon)
Missiles
 e - 8 poisoned darts
Armour
 b - a +0 hat (worn)
Jewellery
 d - a ring of protection from cold (left tentacle)
Scrolls
 f - 4 scrolls of identify {unknown}
 g - 2 scrolls of teleportation {unknown}
 h - 2 scrolls of fear {unknown}
Potions
 c - a potion of magic
 j - a potion of haste {unknown}
 k - 2 potions of curing {unknown}


   Skills:
 + Level 2.6 Dodging
 + Level 3.6 Stealth
 + Level 3.3 Spellcasting
 + Level 1.9 Conjurations
 + Level 2.0 Summonings
 + Level 2.0 Translocations


You had 4 spell levels left.
You knew the following spells:

 Your Spells              Type           Power      Damage    Failure   Level
a - Magic Dart            Conj           36%        1d4       7%          1
b - Call Imp              Summ           20%        N/A       10%         2
c - Blink                 Tloc           20%        N/A       11%         2

Your spell library contained the following spells:

 Spells                   Type           Power      Damage    Failure   Level
 Slow                     Hex            12%        N/A       16%         1
 Cigotuvi's Dreadful Rot  Necr/Pois/Air  6%         N/A       24%         2
 Mephitic Cloud           Conj/Pois/Air  5%         N/A       36%         3
 Summon Forest            Summ/Tloc      5%         N/A       88%         5
 Eringya's Noxious Bog    Tmut/Pois      1%         4d6       100%        6
 Summon Hydra             Summ           5%         N/A       100%        7


Dungeon Overview and Level Annotations

Branches:
Dungeon (3/15)

Altars:
Dithmenos
Xom

Shops:
D:1 *   D:2 ?


Innate Abilities, Weirdness & Mutations

You cannot wear most types of armour.
You are amphibious.
You can wear up to eight rings at the same time.
Your skin changes colour to match your surroundings (Stealth+).
Your rubbery body absorbs attacks. (AC +1, EV +1)
((You are camouflaged when in or above water. (Stealth+)))
You have tentacles for arms and can constrict up to eight enemies at once.


Message History

Your cerulean imp disappears in a puff of smoke!
Magic restored.
HP restored.
You see here a jackal corpse.
Found an escape hatch in the floor.
You see here a ball python corpse.
There is a stone staircase leading up here.
You now have 103 gold pieces (gained 4).
Found 6 stones.
You see here 6 stones.
A worm comes into view.
Found a faded altar of an unknown god.
The helpless worm fails to defend itself.
You slash the worm! Lightning courses through the worm!!
You kill the worm!
You see here a worm corpse.
Found 3 gold pieces.
There is a faded altar of an unknown god here.
This altar belongs to (a) Yredelemnul, (b) Dithmenos or (c) Ashenzari, but you can't tell which.
Press the corresponding letter to learn more about a god, or press enter to convert or escape to cancel.
Dithmenos accepts your prayer! Dithmenos welcomes you!
You are shrouded in an aura of darkness!
You enter the deep water.
You now have 106 gold pieces (gained 3).
A gnoll comes into view. It is wielding a +0 halberd.
Found a scroll labelled UCSIMI PUMEGU.
A gnoll comes into view. It is wielding a +0 flail.
The gnoll shouts! x2; You hear a shout! x2
A gnoll comes into view. It is wielding a +0 flail.
The gnoll hits you from afar with a +0 halberd!
A gnoll comes into view. It is wielding a +0 halberd.
The gnoll hits you with a +0 halberd!
* * * LOW HITPOINT WARNING * * *
You are too injured to fight recklessly!
The gnoll closely misses you.
Casting: Call Imp (safe; 10% risk of failure)
Confirm with . or Enter, or press ? or * to list all spells.
A tiny devil pulls itself out of the air.
The gnoll hits you from afar with a +0 halberd!
You die...

#.. #.# #..##.#
.....# ....# .g?#
.g# #g# #.# #.##@#
#.##.# #.##5#
########### #.##.#
#.........# #.##.#
#.....§.§.# #.##.#
.§.≈§≈≈≈..# #.##.#
#.≈....§≈.###.##.#
..≈.....≈........#


You could see 3 gnolls and a friendly cerulean imp (summoned).

Vanquished Creatures
  Jessica (D:2)
  2 adders
  A worm (D:3)
  3 dart slugs
  7 endoplasms
  A giant cockroach (D:1)
  7 goblins
  A hobgoblin (D:1)
  4 jackals
  4 kobolds
  A quokka (D:2)
  6 ball pythons
  6 bats
  3 frilled lizards
  3 rats
50 creatures vanquished.

Vanquished Creatures (collateral kills)
  A jackal (D:3)
1 creature vanquished.

Grand Total: 51 creatures vanquished

Notes
Turn   | Place    | Note
-------+----------+-------------------------------------------
     0 | D:1      | javelincjr the Octopode Hedge Wizard began the quest for
                  | the Orb.
     0 | D:1      | Reached XP level 1. HP: 11/11 MP: 4/4
    33 | D:1      | Reached XP level 2. HP: 17/17 MP: 1/6
   166 | D:1      | Learned a level 2 spell: Call Imp
   169 | D:1      | Learned a level 2 spell: Blink
   621 | D:1      | Found Ziaheag's General Store.
   689 | D:1      | Reached XP level 3. HP: 21/21 MP: 5/7
  1208 | D:2      | Found a shimmering altar of Xom.
  1377 | D:2      | Noticed Jessica
  1383 | D:2      | Killed Jessica
  1384 | D:2      | Reached XP level 4. HP: 27/27 MP: 2/8
  1555 | D:2      | Identified the +2 robe of Patterns {rC++ Dex-4}
  1724 | D:2      | Found The Oracle's Delphic Readings.
  2005 | D:3      | Found a faded altar of an unknown god.
  2016 | D:3      | Prayed at the altar of an unknown god.
  2016 | D:3      | Became a worshipper of Dithmenos the Shadowed
  2016 | D:3      | Reached * piety under Dithmenos
  2041 | D:3      | Slain by a gnoll

Illustrated notes

Levels and vault maps discovered:
D:1:      denvon_arrival_waterhouse, layout_basic, serial_shops, shop,
          kennysheep_decorative_pillar, st_stairs_10
D:2:      layout_basic, basic_altar, chequers_serial_rivers_small_3,
          minivault_14, nicolae_nh_oracle_at_delphi, uniq_jessica
D:3:      layout_basic, shapermc_ecumenical_altar_starsandcircs

Skill      XL: |  1  2  3  4 |
---------------+-------------+-----
Stealth        | 3 |  3.6
Summonings     | 2 |  2.0
Translocations | 2 |  2.0
Dodging        | |  2.6
Spellcasting   | |  3.3
Conjurations   | |  1.9

Action                     |  1- 3 |  4- 6 || total
---------------------------+-------+-------++-------
  Melee: Dagger            |    14 |       ||    14
         Constrict         |     6 |     6 ||    12
         Tentacles         |     5 |     5 ||    10
         Hand axe          |    17 |    23 ||    40
   Cast: Magic Dart        |    55 |     3 ||    58
         Call Imp          |     2 |     3 ||     5
   Stab: Sleeping          |       |     4 ||     4
 Armour: Skin              |     6 |    20 ||    26
  Dodge: Dodged            |    21 |    26 ||    47

Table legend: (Time is in decaauts)
 A = Elapsed time spent in this place.
 B = Non-inter-level travel time spent in this place.
 C = Inter-level travel time spent in this place.
 D = Time resting spent in this place.
 E = Time spent auto-exploring this place.
 F = Levels seen in this place.
 G = Mean time per level.
                   A        B        C        D        E       F      G
               +--------+--------+--------+--------+--------+-----+--------+
         Total |   2051 |   2014 |     37 |      0 |   1683 |   3 |  683.7 |
       Dungeon |   2051 |   2014 |     37 |      0 |   1683 |   3 |  683.7 |
               +--------+--------+--------+--------+--------+-----+--------+

Top non-repeatable levels by time:
     D:1: 1108 daAuts
     D:2: 800 daAuts
     D:3: 142 daAuts
